 Dungeon Crawl Stone Soup version 0.32-a0-422-g28b100f (webtiles) character file.

Game seed: 12671283533524306404

810 jagoly the Trooper (level 7, -6/58 HPs)
             Began as a Coglin Artificer on Feb 21, 2024.
             Was a Follower of Okawaru.
             Mangled by Prince Ribbit (13 damage)
             ... on level 5 of the Dungeon.
             The game lasted 00:23:55 (4723 turns).

jagoly the Trooper (Coglin Artificer)               Turns: 4723, Time: 00:23:56

Health: -6/58      AC:  7    Str: 14    XL:     7   Next: 92%
Magic:  7/7        EV: 15    Int: 11    God:    Okawaru [*.....]
Gold:   260        SH:  0    Dex: 14    Spells: 6/6 levels left

rFire   . . .        j - +0 hand axe {Yejun}
rCold   + . .        l - +1 short sword (speed) {Silke}
rNeg    . . .        q - +0 scale mail
rPois   .            (no helmet)
rElec   .            (no cloak)
rCorr   .            (no gloves)
SInv    .            (no boots)
Will    .....        (no amulet) Stlth
                     a - +5 ring of evasion
HPRegen 0.29/turn    C - ring of protection from cold
MPRegen 0.10/turn

%: no passive effects
@: revved
A: off-hand wielding, slow wielding, warmup strikes, legs shutdown
a: Renounce Religion, Heroism


You were on level 5 of the Dungeon.
You worshipped Okawaru.
Okawaru was aware of your devotion.
You visited 2 branches of the dungeon, and saw 6 of its levels.

You collected 260 gold pieces.

Inventory:

Hand Weapons
 j - a +0 hand axe (weapon) {Yejun}
 l - a +1 short sword of speed (offhand) {Silke}
Missiles
 f - 4 javelins
 h - 29 stones (quivered)
 p - 5 poisoned darts
 y - 2 boomerangs
Armour
 b - a +0 leather armour
 g - the +0 leather armour of Zoshruxem {Rampage rF+ rC- SInv}
   (You found it on level 2 of the Dungeon)

   rF+:       It protects you from fire.
   rC-:       It makes you vulnerable to cold.
   SInv:      It lets you see invisible.
   Rampage:   It bestows one free step when moving towards enemies.
 n - a +0 ring mail
 q - a +0 scale mail (worn)
Jewellery
 a - a +5 ring of evasion (left grasper)
 r - a ring of ice
 C - a ring of protection from cold (right grasper)
Wands
 c - a wand of flame (22)
 d - a wand of charming (15)
 e - a wand of iceblast (5)
 A - a wand of mindburst (18)
Scrolls
 i - 6 scrolls of identify {unknown}
 o - a scroll of poison {unknown}
 t - 2 scrolls of fog {unknown}
 u - 2 scrolls of teleportation {unknown}
 v - 2 scrolls of amnesia {unknown}
 w - 3 scrolls of fear {unknown}
 z - 2 scrolls of vulnerability {unknown}
 B - a scroll of noise {unknown}
Potions
 k - a potion of lignification {unknown}
 m - a potion of enlightenment {unknown}
 s - a potion of haste {unknown}
 x - a potion of magic {unknown}


   Skills:
 - Level 6.0 Fighting
 - Level 2.0 Axes
 - Level 4.0 Armour
 + Level 3.5 Dodging
 - Level 1.0 Stealth
 - Level 4.0 Evocations


You had 6 spell levels left.
You didn't know any spells.
Your spell library contained the following spells:

 Spells                   Type           Power      Damage    Failure   Level
 Lesser Beckoning         Tloc           0%         N/A       91%         2
 Gell's Gravitas          Tloc           0%         N/A       99%         3
 Teleport Other           Tloc           0%         N/A       99%         3


Dungeon Overview and Level Annotations

Branches:
Dungeon (5/15) Zot: 25366  Temple (1/1) D:4 Zot: 5932

Altars:
Ashenzari
Cheibriados
Dithmenos
Elyvilon
Gozag
Kikubaaqudgha
Okawaru
Trog
Uskayaw
Vehumet
Wu Jian
Yredelemnul
The Shining One

Shops:
D:2 :

Annotations:
D:3 2 transporters, tls9540's ghost, amateur GnEn
D:5 Prince Ribbit


Innate Abilities, Weirdness & Mutations

You can wield a second weapon in your off-hand.
It takes a long time for you to wield or remove held weapons.
Your first few attacks do less damage.
Attacking and casting redirects power from your legs.


Message History

You barely miss the iguana with your +0 spear.
The iguana is almost dead.
You hit the iguana with your +1 short sword of speed.
The iguana closely misses you.
You completely miss the iguana with your +1 short sword of speed.
The iguana is almost dead.
You hit the iguana with your +0 spear.
You barely miss the iguana with your +1 short sword of speed.
The iguana is almost dead.
You hit the iguana but do no damage. The iguana bites you!
* * * LOW HITPOINT WARNING * * *
Reach: j) +0 spear {Juwon}
Press: ? - help, Dir - move target, f/p - iguana
Aim: an iguana (almost dead, about 32% to evade your +0 spear)
You hit the iguana but do no damage.
The iguana is almost dead.
You hit the iguana but do no damage. The iguana misses you.
Reach: j) +0 spear {Juwon}
Press: ? - help, Dir - move target, f/p - iguana
Aim: an iguana (almost dead, about 32% to evade your +0 spear)
You barely miss the iguana with your +0 spear.
The iguana is almost dead.
You closely miss the iguana with your +1 short sword of speed.
The iguana misses you.
Reach: j) +0 spear {Juwon}
Press: ? - help, Dir - move target, f/p - iguana
Aim: an iguana (almost dead, about 32% to evade your +0 spear)
You hit the iguana but do no damage.
The iguana is almost dead.
You hit the iguana with your +0 spear.
You kill the iguana!
Okawaru accepts your kill.
You start resting.
You are no longer unable to travel.
You start resting.
HP restored.
You see here an iguana corpse.
HP restored.
B - a scroll labelled BYGAKO SURROMU
Found 2 stones.
z - 2 scrolls labelled PEWEAC FANOL (gained 1)
Found a scroll labelled VEUSUX NAMYK SUI.
h - 33 stones (gained 2) 3 orcs come into view.
The orc shouts!
You hear a shout!
An orc wizard comes into view. It is wielding a +0 dagger.
The orc moves out of view.
There are monsters nearby!
You see here an iguana corpse.
There is a stone staircase leading up here.
You see here a black bear skeleton.
You see here a black bear skeleton.
There is a stone staircase leading up here.
You reach to attack!
You hit the orc but do no damage.
You hit the orc with your +1 short sword of speed.
The orc is heavily wounded.
You hit the orc but do no damage. You hit the orc but do no damage.
The orc is heavily wounded.
You closely miss the orc with your +0 spear.
Unknown command.
You cannot move.
Unknown command.
You cannot move.
You are no longer unable to travel.
The orc hits you but does no damage.
The orc wizard hits you with a +0 dagger.
The orc hits you but does no damage. The orc wizard completely misses you.
You climb upwards.
There is a stone staircase leading down here.
You hit the orc but do no damage.
The orc is heavily wounded.
You hit the orc with your +0 spear. The orc misses you.
The orc wizard hits you but does no damage.
You hit the orc with your +1 short sword of speed.
The orc is almost dead.
You hit the orc with your +0 spear.
You kill the orc!
Okawaru accepts your kill.
The orc wizard hits you but does no damage.
You hit the orc wizard with your +1 short sword of speed.
The orc wizard is lightly wounded.
You hit the orc wizard but do no damage.
You closely miss the orc wizard with your +1 short sword of speed.
The orc wizard is lightly wounded.
You barely miss the orc wizard with your +0 spear.
The orc wizard closely misses you.
You hit the orc wizard with your +1 short sword of speed.
The orc wizard is moderately wounded.
You barely miss the orc wizard with your +0 spear.
The orc wizard hits you but does no damage.
You closely miss the orc wizard with your +1 short sword of speed.
The orc wizard is moderately wounded.
You hit the orc wizard but do no damage.
The orc wizard barely misses you.
You closely miss the orc wizard with your +1 short sword of speed.
The orc wizard is moderately wounded.
You closely miss the orc wizard with your +0 spear.
The orc wizard hits you with a +0 dagger.
You hit the orc wizard but do no damage.
The orc wizard is moderately wounded.
You hit the orc wizard with your +1 short sword of speed.
The orc wizard completely misses you.
You hit the orc wizard with your +1 short sword of speed.
The orc wizard is heavily wounded.
You completely miss the orc wizard with your +0 spear.
The orc wizard gestures wildly while chanting.
The orc wizard flickers and vanishes!
Deactivating autopickup; reactivate with Ctrl-A.
No target in view!
No target in view!
No target in view!
You cannot move.
You cannot move.
You cannot move.
You cannot move.
You cannot move.
You hit something with your +1 short sword of speed.
You completely miss something with your +0 spear.
You barely miss something with your +1 short sword of speed.
You hit something but do no damage. Something hits you.
You miss something with your +0 spear.
You miss something with your +1 short sword of speed.
Something hits you but does no damage.
You closely miss something with your +1 short sword of speed.
You hit something but do no damage. Something hits you but does no damage.
You barely miss something with your +0 spear.
You closely miss something with your +1 short sword of speed.
You hear some strange, mumbled words.
A puff of flame appears from out of thin air!
The puff of flame hits you but does no damage.
You closely miss something with your +1 short sword of speed.
You completely miss something with your +0 spear.
Something hits you.
You hit something but do no damage. You miss something with your +0 spear.
You hit something with your +0 spear.
You hit something with your +1 short sword of speed.
Okawaru accepts your kill.
Reactivating autopickup.
You feel a bit more experienced.
Training target 4.0 for Armour reached!
Your Armour skill increases to level 4!
You need to enable at least one skill for training.
You cannot move.
You start resting.
You are no longer unable to travel.
Things that are here:
a +0 hand axe; a +0 ring mail You drop a +1 great mace of protection.
You drop a +0 spear.
Okay, then.
Press: ? - help, v - describe, . - travel, g - get item
Items here: ))) [.
The floor.
You start parting from your weapon.
You continue parting from your +0 spear {Juwon}. x4
You whisper farewell to Juwon.
You finish parting from your +0 spear {Juwon}.
You drop a +0 spear {Juwon}.
You start attuning to your weapon.
You continue attuning to your +0 hand axe. x4
You finish attuning to your +0 hand axe.
You welcome your +0 hand axe "Yejun" into your grasp.
There is a stone staircase leading down here.
Your movement speed is average.
Your attack delay is about 0.9.
Your damage rating with your +0 hand axe {Yejun} is about 8 (Base 7 x 110% (Str) x 114% (Skill)).
Your damage rating with your +1 short sword of speed {Silke} is about 7 (Base 5 x 110% (Dex) x 110% (Skill) + 1 (Ench)).
Unknown command.
You climb downwards.
The orc closely misses you. The orc hits you with a +0 club.
There is a stone staircase leading up here.
You hit the orc with your +1 short sword of speed.
The orc is lightly wounded.
You hit the orc but do no damage.
You hit the orc with your +1 short sword of speed.
The orc is severely wounded.
You hit the orc but do no damage. The orc misses you.
You barely miss the orc with your +1 short sword of speed.
The orc is severely wounded.
You closely miss the orc with your +0 hand axe.
The orc hits you with a +0 club.
You barely miss the orc with your +0 hand axe.
The orc is severely wounded.
You barely miss the orc with your +1 short sword of speed.
The orc hits you but does no damage.
You barely miss the orc with your +0 hand axe.
The orc is severely wounded.
You hit the orc with your +1 short sword of speed.
You kill the orc!
Okawaru accepts your kill.
The orc throws a boomerang.
The boomerang closely misses you.
You are no longer unable to travel.
The orc throws a boomerang.
The boomerang misses you. The orc hits you with a +0 short sword.
Things that are here:
a +0 club; an orc corpse; an iguana skeleton You barely miss the orc with your +0 hand axe.
You barely miss the orc with your +1 short sword of speed.
The orc misses you.
You hit the orc with your +1 short sword of speed.
The orc is moderately wounded.
You slash the orc with your +0 hand axe!
You kill the orc!
Okawaru accepts your kill.
No target in view!
You cannot move.
You start resting.
You are no longer unable to travel.
HP restored.
Key pressed, stopping explore.
Unknown command.
Things that are here:
a +0 club; an orc corpse; an iguana skeleton
Things that are here:
a +0 short sword; 2 boomerangs; an orc corpse
y - 2 boomerangs
Things that are here:
a +0 club; an orc corpse; an iguana skeleton
There is a stone staircase leading up here.
You see here a black bear skeleton.
i - 6 scrolls labelled ASIWKUS POELYI (gained 1)
Found a long sword.
You see here a +0 long sword.
w - 3 scrolls labelled VEUSUX NAMYK SUI (gained 1) 2 orcs come into view.
Found a blackened silver wand.
The orc shouts! x2; You hear a shout!
The orc moves out of view. x2 2 orcs come into view.
The orc shouts!
The orc attacks as it pursues you! The orc hits you with a +0 flail.
You barely miss the orc with your +1 short sword of speed.
You hit the orc with your +0 hand axe. The orc hits you with a +0 flail!
You closely miss the orc with your +0 hand axe.
The orc is almost dead.
You closely miss the orc with your +1 short sword of speed.
You hit the orc but do no damage.
The orc is almost dead.
You closely miss the orc with your +0 hand axe.
The orc barely misses you.
You barely miss the orc with your +1 short sword of speed.
The orc is almost dead.
You slash the orc with your +0 hand axe!
You kill the orc!
Okawaru accepts your kill.
You barely miss the orc with your +1 short sword of speed.
You closely miss the orc with your +0 hand axe.
The orc closely misses you.
You completely miss the orc with your +1 short sword of speed.
You hit the orc but do no damage. You hit the orc with your +0 hand axe.
The orc is severely wounded.
You hit the orc with your +1 short sword of speed.
You kill the orc!
Okawaru accepts your kill.
You hit the orc with your +1 short sword of speed.
The orc is heavily wounded.
You hit the orc with your +0 hand axe.
You kill the orc!
Okawaru accepts your kill.
No target in view!
No target in view!
You cannot move.
You start resting.
You are no longer unable to travel.
Items here: ))) [.
Okay, then.
HP restored.
A - a wand of mindburst (21)
A sleepcap comes into view.
You hit the sleepcap but do no damage.
You hit the sleepcap with your +0 hand axe.
The sleepcap closely misses you.
You hit the sleepcap but do no damage.
The sleepcap is lightly damaged.
You hit the sleepcap with your +1 short sword of speed.
The sleepcap barely misses you.
You hit the sleepcap with your +1 short sword of speed.
The sleepcap is lightly damaged.
You hit the sleepcap with your +0 hand axe.
The sleepcap releases spores at you.
You hit the sleepcap but do no damage.
The sleepcap is moderately damaged.
You hit the sleepcap but do no damage. The sleepcap completely misses you.
You hit the sleepcap but do no damage.
The sleepcap is moderately damaged.
You hit the sleepcap but do no damage. The sleepcap closely misses you.
You hit the sleepcap with your +1 short sword of speed.
The sleepcap is moderately damaged.
You hit the sleepcap but do no damage.
You completely miss the sleepcap with your +1 short sword of speed.
The sleepcap is moderately damaged.
You hit the sleepcap with your +0 hand axe.
The sleepcap closely misses you.
You hit the sleepcap but do no damage.
The sleepcap is heavily damaged.
You completely miss the sleepcap with your +0 hand axe.
The sleepcap closely misses you.
You hit the sleepcap but do no damage.
The sleepcap is heavily damaged.
You hit the sleepcap but do no damage.
The sleepcap releases spores at you but does no damage.
You hit the sleepcap but do no damage.
The sleepcap is heavily damaged.
You hit the sleepcap with your +1 short sword of speed.
The sleepcap barely misses you.
You hit the sleepcap with your +0 hand axe.
The sleepcap is heavily damaged.
You hit the sleepcap with your +1 short sword of speed.
The sleepcap releases spores at you.
You are engulfed in a cloud of soporific spores!
You fall asleep.
You are no longer unable to travel.
The sleepcap releases spores at you!
You wake up.
You are engulfed in a cloud of soporific spores!
You are unaffected.
Unknown command.
Unknown command.
You hit the sleepcap with your +1 short sword of speed.
The sleepcap is severely damaged.
You hit the sleepcap with your +0 hand axe.
The sleepcap closely misses you.
You hit the sleepcap with your +1 short sword of speed.
The sleepcap is almost destroyed.
You hit the sleepcap but do no damage. The sleepcap barely misses you.
You hit the sleepcap with your +1 short sword of speed.
The sleepcap is almost destroyed.
You hit the sleepcap with your +0 hand axe.
The sleepcap closely misses you.
You hit the sleepcap with your +0 hand axe.
You destroy the sleepcap!
Okawaru accepts your kill.
No target in view!
You are no longer unable to travel.
You now have 221 gold pieces (gained 11).
Found a sling.
You now have 238 gold pieces (gained 17).
Key pressed, stopping explore.
Unknown command.
Key pressed, stopping explore.
Unknown command.
Found a stone staircase leading down.
Found a beast talisman.
There is a stone staircase leading down here.
You see here a beast talisman.
C - a ring of protection from cold
C - a ring of protection from cold (right grasper)
Items here: ))) [.
An ufetubus comes into view.
Found a short sword.
The ufetubus shouts!
You hear a shout!
An ufetubus comes into view.
You hit the ufetubus but do no damage.
You barely miss the ufetubus with your +0 hand axe.
The ufetubus barely misses you. x2
You hit the ufetubus with your +0 hand axe.
The ufetubus is severely wounded.
You hit the ufetubus with your +0 hand axe.
You closely miss the ufetubus with your +1 short sword of speed.
The ufetubus slips past you!
The ufetubus hits you but does no damage.
The ufetubus hits you.
The ufetubus hits you but does no damage. x2
The ufetubus hits you.
The ufetubus hits you but does no damage.
You hit the ufetubus with your +0 hand axe.
You kill the ufetubus!
Okawaru accepts your kill.
You barely miss the ufetubus with your +0 hand axe.
The ufetubus slips past you! The ufetubus barely misses you.
The ufetubus completely misses you. The ufetubus misses you. x2
You closely miss the ufetubus with your +0 hand axe.
The ufetubus is moderately wounded.
You hit the ufetubus but do no damage. The ufetubus misses you.
The ufetubus closely misses you.
You hit the ufetubus with your +0 hand axe.
The ufetubus is heavily wounded.
You closely miss the ufetubus with your +1 short sword of speed.
The ufetubus closely misses you. The ufetubus hits you.
You barely miss the ufetubus with your +0 hand axe.
The ufetubus is heavily wounded.
You hit the ufetubus with your +1 short sword of speed.
The ufetubus hits you but does no damage.
The ufetubus barely misses you.
The ufetubus hits you but does no damage.
The ufetubus misses you.
You miss the ufetubus with your +1 short sword of speed.
The ufetubus is severely wounded.
You hit the ufetubus but do no damage.
The ufetubus hits you but does no damage.
The ufetubus hits you.
You hit the ufetubus with your +1 short sword of speed.
You kill the ufetubus!
Okawaru accepts your kill.
No target in view!
No target in view!
You are no longer unable to travel.
Found a stone staircase leading up.
You now have 245 gold pieces (gained 7).
You now have 260 gold pieces (gained 15).
Found a stone staircase leading down.
An iguana comes into view.
The iguana hisses angrily.
You throw a stone. The stone barely misses the iguana.
You throw a stone.
The stone hits the iguana but does no damage.
You throw a stone. The stone hits the iguana.
The iguana is lightly wounded.
A black bear comes into view.
You throw a stone. The stone barely misses the iguana.
The stone barely misses the black bear.
The black bear growls angrily.
You hit the iguana but do no damage.
The iguana is lightly wounded.
You hit the iguana but do no damage. The iguana bites you.
You hit the iguana but do no damage.
The iguana is lightly wounded.
You barely miss the iguana with your +1 short sword of speed.
You hit the iguana with your +1 short sword of speed.
The iguana is lightly wounded.
You hit the iguana with your +0 hand axe.
The iguana bites you.
You hit the iguana with your +0 hand axe.
The iguana is heavily wounded.
You hit the iguana with your +1 short sword of speed.
The iguana bites you but does no damage.
Prince Ribbit comes into view.
Prince Ribbit gives a loud, deep croak!
You hit the iguana with your +1 short sword of speed.
The iguana is severely wounded.
You hit the iguana but do no damage. The iguana closely misses you.
You slash the iguana with your +0 hand axe!
You kill the iguana!
Okawaru accepts your kill.
You hit the black bear with your +0 hand axe.
The black bear is lightly wounded.
You hit the black bear but do no damage.
The black bear completely misses you. x3
You barely miss the black bear with your +1 short sword of speed.
The black bear is lightly wounded.
You hit the black bear but do no damage.
The black bear bites you. The black bear claws you.
The black bear claws you but does no damage.
Prince Ribbit blinks!
You hit the black bear with your +0 hand axe.
The black bear is moderately wounded.
You hit the black bear with your +1 short sword of speed.
The black bear bites you. The black bear barely misses you. x2
You barely miss the black bear with your +0 hand axe.
The black bear is heavily wounded.
You completely miss Prince Ribbit with your +0 hand axe.
You hit the black bear with your +1 short sword of speed.
Prince Ribbit closely misses you.
The black bear bites you but does no damage.
The black bear closely misses you. The black bear misses you.
You hit the black bear with your +1 short sword of speed.
The black bear is heavily wounded.
You hit the black bear with your +0 hand axe.
You hit Prince Ribbit but do no damage. Prince Ribbit hits you!
The black bear barely misses you. The black bear claws you.
* * * LOW HITPOINT WARNING * * *
The black bear closely misses you.
Prince Ribbit hits you but does no damage.
Aiming: Mindburst
Press: ? - help, Shift-Dir - straight line, f - black bear
Aim: a black bear (severely wounded, chance to affect: 79%)
The black bear's mind is blasted!!
You blow up the black bear!
Okawaru is honoured by your kill.
You can now gain great but temporary skills.
You are no longer unable to travel.
Prince Ribbit hits you!
* * * LOW HITPOINT WARNING * * *
Your Dodging skill increases to level 3!
Unknown command.
Okay, then.
Press: ? - help, v - describe, . - travel
Here: Prince Ribbit The floor, spattered with blood.
Okay, then.
Okay, then.
Okay, then.
Press: ? - help, v - describe, . - travel
Here: Prince Ribbit The floor, spattered with blood.
You don't know any spells.
Unknown command.
Unknown command.
Aiming: Mindburst
Press: ? - help, Shift-Dir - straight line, f - Prince Ribbit
Aim: Prince Ribbit (chance to affect: 64%) Prince Ribbit struggles to resist.
Prince Ribbit hits you!
* * * LOW HITPOINT WARNING * * *
Okay, then.
Okay, then.
Aiming: Mindburst
Press: ? - help, Shift-Dir - straight line, f/p - Prince Ribbit
Aim: Prince Ribbit (chance to affect: 64%) Prince Ribbit struggles to resist.
Prince Ribbit hits you!
You die...

## #.. ..# #.# ##.## #.#
#...# #.# #...#
##.#####...#
#############...#.......
.......@F...............
#############...#.......
##.#####.<.# #.# #.....
#>####....# #.##.#.#.#.
#....#.#.#. ####.......
##.....#...


You could see Prince Ribbit.

Vanquished Creatures
  3 black bears
  2 jellies (D:4)
  2 bombardier beetles
  A hound (D:5)
  2 sleepcaps
  2 iguanas (D:5)
  An orc wizard (D:4)
  4 gnolls (D:4)
  4 adders
  2 ufetubi (D:5)
  2 dart slugs (D:2)
  2 ribbon worms (D:2)
  7 orcs
  8 endoplasms
  7 giant cockroaches
  5 goblins
  11 hobgoblins
  2 jackals (D:1)
  3 quokkas
  8 ball pythons
  5 bats
  5 frilled lizards
  6 kobolds
  8 rats
102 creatures vanquished.

Notes
Turn   | Place    | Note
-------+----------+-------------------------------------------
     0 | D:1      | jagoly the Coglin Artificer began the quest for the Orb.
     0 | D:1      | Reached XP level 1. HP: 15/15 MP: 1/1
    20 | D:1      | Reached skill level 1 in Stealth
    47 | D:1      | Reached XP level 2. HP: 22/22 MP: 2/2
    53 | D:1      | Reached skill level 2 in Fighting
   257 | D:1      | Reached XP level 3. HP: 15/28 MP: 3/3
   349 | D:1      | Reached skill level 3 in Fighting
   463 | D:1      | Reached skill level 1 in Dodging
   497 | D:1      | You fall into a shaft and drop 1 floor!
   576 | D:2      | Found Feovi's Book Boutique.
   641 | D:2      | Identified the +0 leather armour of Zoshruxem {Rampage rF+
                  | rC- SInv}
   687 | D:2      | Reached XP level 4. HP: 35/35 MP: 4/4
  1807 | D:3      | Found a transporter.
  1892 | D:3      | Noticed tls9540's ghost (amateur GnEn)
  1929 | D:3      | Reached skill level 4 in Fighting
  1970 | D:3      | Found a transporter.
  2033 | D:3      | Reached XP level 5. HP: 42/42 MP: 5/5
  2508 | D:3      | Found a snail-covered altar of Cheibriados.
  2816 | D:4      | Noticed a black bear
  2826 | D:4      | Killed a black bear
  2827 | D:4      | Reached skill level 5 in Fighting
  2827 | D:4      | Reached XP level 6. HP: 39/51 MP: 6/6
  2983 | D:4      | Reached skill level 6 in Fighting
  3166 | D:4      | Found a broken altar of Ashenzari.
  3218 | D:4      | Found a staircase to the Ecumenical Temple.
  3223 | Temple   | Entered the Ecumenical Temple
  3257 | Temple   | Became a worshipper of Warmaster Okawaru
  3469 | D:4      | Found a white marble altar of Elyvilon.
  3663 | D:4      | Reached XP level 7. HP: 46/58 MP: 7/7
  3706 | D:4      | Reached skill level 1 in Axes
  3908 | D:5      | Entered Level 5 of the Dungeon
  4713 | D:5      | Noticed Prince Ribbit
  4721 | D:5      | Reached * piety under Okawaru
  4723 | D:5      | Mangled by Prince Ribbit

Illustrated notes

Levels and vault maps discovered:
D:1:      saegor_arrival_simple_a, layout_basic, minmay_tromino_v4_a
D:2:      layout_loops_ring, serial_shops, shop
D:3:      layout_loops_ring, marbit_many_paths, gammafunk_ghost_stat_death
D:4:      layout_basic, nicolae_elyvilon_temple_path, evilmike_ruin_ashenzari,
          temple_doors_e, minmay_box_of_dots
D:5:      nicolae_cairo_tiling_large_dashed, layout_loops_ring,
          mainiacjoe_overflow_chevrons, uniq_prince_ribbit1
Temple:   jpeg_temple_alley_garden

Skill      XL: |  1  2  3  4  5  6  7 |
---------------+----------------------+-----
Stealth        | 1 |  1.0
Fighting       | 2 3 4 5 6 |  6.0
Dodging        | 1 2 3 |  3.5
Armour         | 2 4 |  4.0
Axes           | 2 |  2.0
Evocations     | |  4.0

Action                     |  1- 3 |  4- 6 |  7- 9 || total
---------------------------+-------+-------+-------++-------
  Melee: Club              |    61 |       |       ||    61
         Dagger            |    24 |       |       ||    24
         Spear             |    25 |   180 |    54 ||   259
         Whip              |    24 |       |       ||    24
         Short sword       |    14 |   138 |   101 ||   253
         Hand axe          |       |       |    48 ||    48
  Throw: Dart              |       |     3 |       ||     3
         Stone             |       |     1 |     6 ||     7
  Evoke: Wand              |       |     6 |     3 ||     9
   Stab: Sleeping          |     2 |     1 |       ||     3
 Armour: Leather armour    |    52 |     4 |       ||    56
         Scale mail        |       |    55 |    77 ||   132
  Dodge: Dodged            |    72 |    93 |    78 ||   243

Table legend: (Time is in decaauts)
 A = Elapsed time spent in this place.
 B = Non-inter-level travel time spent in this place.
 C = Inter-level travel time spent in this place.
 D = Time resting spent in this place.
 E = Time spent auto-exploring this place.
 F = Levels seen in this place.
 G = Mean time per level.
                   A        B        C        D        E       F      G
               +--------+--------+--------+--------+--------+-----+--------+
         Total |   4700 |   4408 |    292 |    401 |   2366 |   6 |  783.3 |
       Dungeon |   4632 |   4405 |    227 |    401 |   2366 |   5 |  926.4 |
        Temple |     67 |      2 |     65 |      0 |      0 |   1 |   67.0 |
               +--------+--------+--------+--------+--------+-----+--------+

Top non-repeatable levels by time:
     D:4: 1113 daAuts
     D:3: 1016 daAuts
     D:1: 1009 daAuts
     D:2: 746 daAuts
     D:5: 745 daAuts
  Temple: 67 daAuts
